 Dungeon Crawl Stone Soup version 0.26-b1-32-g5d43845318 (webtiles) character file.

Game seed: 10507120058809304114

448 Borgoz the Skirmisher (level 7, -6/60 HPs)
             Began as a Ghoul Gladiator on Jan 13, 2021.
             Mangled by Edmund
             ... wielding a +3 flail of protection
              (8 damage)
             ... on level 4 of the Dungeon.
             The game lasted 00:03:57 (3449 turns).

Borgoz the Skirmisher (Ghoul Gladiator)             Turns: 3449, Time: 00:03:58

Health: -6/60      AC:  6    Str: 18    XL:     7   Next: 4%
Magic:  6/6        EV: 13    Int:  3    God:
Gold:   113        SH:  0    Dex: 12    Spells: 6/6 levels left

rFire    . . .     SeeInvis .   a - +1 flail
rCold    + + .     Faith    .   (no shield)
rNeg     + + +     Spirit   .   j - +0 leather armour {rC+}
rPois    ∞         Reflect  .   c - +0 helmet
rElec    .         Harm     .   i - +0 cloak
rCorr    .         Rampage  .   h - +0 pair of gloves
Will     .....                  (no boots)
Stlth    ..........             (no amulet)
HPRegen  0.00/turn              f - ring of attention (curse)
MPRegen  0.10/turn              (no ring)

@: brilliant, hasted, very quick
A: claws 1, cold resistance 1, negative energy resistance 3, inhibited
regeneration, torment resistance, unbreathing
a: no special abilities


You were on level 4 of the Dungeon.
You visited 1 branch of the dungeon, and saw 4 of its levels.

You collected 113 gold pieces.

Inventory:

Hand Weapons
 a - a +1 flail (weapon)
Missiles
 d - 2 throwing nets (quivered)
Armour
 c - a +0 helmet (worn)
 h - a +0 pair of gloves (worn)
 i - a +0 cloak (worn)
 j - a +0 leather armour of cold resistance (worn)
Jewellery
 f - a cursed ring of attention (left hand)
Wands
 g - a wand of polymorph (1)
Scrolls
 b - 2 scrolls of teleportation {unknown}
 l - a scroll of enchant weapon
 m - 2 scrolls of fear {unknown}
Potions
 e - a potion of haste
 k - a potion of brilliance


   Skills:
 * Level 4.3 Fighting
 * Level 4.1 Maces & Flails
 - Level 1.7 Throwing
 * Level 2.9 Armour
 * Level 4.2 Dodging


You had 6 spell levels left.
You didn't know any spells.
Your spell library was empty.

Dungeon Overview and Level Annotations

Branches:
Dungeon (4/15)
 Temple: D:4-7

Altars:

Annotations:
D:4 Edmund


Innate Abilities, Weirdness & Mutations

You thrive by killing the living.
You are immune to poison.
You have sharp fingernails.
Your flesh is cold resistant. (rC+)
You are immune to negative energy. (rN+++)
You do not regenerate when monsters are visible.
You are immune to unholy pain and torment.
You can survive without breathing.


Message History

Edmund barely misses you.
You hit Edmund.
Edmund is almost dead.
Edmund hits you with a +3 flail of protection!
* * * LOW HITPOINT WARNING * * *
You closely miss Edmund.
Edmund is almost dead.
It was a potion of curing.
You feel better.
Edmund hits you with a +3 flail of protection!
* * * LOW HITPOINT WARNING * * *
It was a potion of brilliance.
You feel clever all of a sudden.
You hit Edmund.
Edmund is almost dead.
Edmund hits you with a +3 flail of protection.
* * * LOW HITPOINT WARNING * * *
You hit Edmund.
Edmund is almost dead.
Edmund hits you with a +3 flail of protection!
You die...

#.........# ####
#.........#.....
#........##.#...
.#######.......#.......
[..............#.....##
.......................
..##...####...#..#...#
#...######........#
#.....@@Z..#...#..#
#.#...##..##.8.# .. # #
#........## ....# .
#.#. ###.....##. #.#..#
#...####........ .##..
.......#.......# #.
#...#..#...8..
.##..#...#.....#
....#...##......


You could see Edmund and a bullfrog skeleton.

Vanquished Creatures
  An ogre (D:2)
  A bullfrog (D:3)
  A water moccasin skeleton (D:4)
  An orc wizard (D:3)
  Jessica (D:2)
  Ijyb (D:3)
  A worker ant (D:2)
  6 adders
  4 worms
  3 dart slugs
  3 leopard geckos
  3 orcs (D:3)
  8 bats
  3 giant cockroaches
  3 goblins (D:3)
  6 hobgoblins
  3 jackals (D:1)
  A quokka (D:2)
  2 ball pythons
  6 frilled lizards
  9 kobolds
  A leopard gecko skeleton (D:2)
  11 rats
79 creatures vanquished.

Notes
Turn   | Place    | Note
-------+----------+-------------------------------------------
     0 | D:1      | Borgoz the Ghoul Gladiator began the quest for the Orb.
     0 | D:1      | Reached XP level 1. HP: 17/17 MP: 0/0
   160 | D:1      | You fall into a shaft and drop 1 floor!
   180 | D:2      | Reached XP level 2. HP: 7/25 MP: 1/1
   664 | D:1      | Reached skill level 1 in Armour
   683 | D:1      | Reached XP level 3. HP: 30/30 MP: 2/2
  1431 | D:2      | Reached XP level 4. HP: 19/37 MP: 3/3
  1854 | D:2      | Noticed an ogre
  1858 | D:2      | Noticed Jessica
  1862 | D:2      | Killed an ogre
  1863 | D:2      | Reached XP level 5. HP: 11/45 MP: 4/4
  1872 | D:2      | Killed Jessica
  2302 | D:3      | Noticed Ijyb
  2313 | D:3      | Killed Ijyb
  2314 | D:3      | Reached XP level 6. HP: 52/52 MP: 5/5
  3339 | D:4      | Reached XP level 7. HP: 52/60 MP: 6/6
  3412 | D:4      | Noticed Edmund
  3448 | D:4      | HP: 2/60 [Edmund/+3 flail of protection (4)]
  3449 | D:4      | Mangled by Edmund

Illustrated notes

Levels and vault maps discovered:
D:1:      dpeg_arrival_ratfight, layout_basic
D:2:      layout_basic, uniq_jessica
D:3:      layout_loops_corners, minmay_misc_feat_four_crosses, uniq_ijyb
D:4:      layout_basic, minmay_temple_entry_waves, serial_shops,
          kennysheep_mini, nrook_mini_vaults, minivault_26, lemuel_tele_altar,
          uniq_edmund

Skill      XL: |  1  2  3  4  5  6 |
---------------+-------------------+-----
Armour         | 1 2 |  2.9
Dodging        | 3 4 |  4.2
Maces & Flails | 3 4 |  4.1
Fighting       | 3 4 |  4.3
Throwing       | |  1.7

Action                   |  1- 3 |  4- 6 |  7- 9 || total
-------------------------+-------+-------+-------++-------
Melee: Flail             |   132 |   190 |    32 ||   354
Throw: Throwing net      |     2 |     2 |       ||     4
  Use: Scroll            |     1 |     1 |       ||     2
       Potion            |       |       |     3 ||     3
 Stab: Held in net/web   |     1 |     1 |       ||     2
       Sleeping          |     1 |       |       ||     1
Armor: Leather armour    |    57 |    46 |     3 ||   106
Dodge: Dodged            |   128 |   134 |    17 ||   279
